 Dungeon Crawl Stone Soup version 0.30-a0-1157-g2cc9ac7196 (webtiles) character file.

Game seed: 3192061523892462671

40764 lunkers the Stormcaller (level 14, -10/96 HPs)
             Began as a Meteoran Wanderer on Apr 20, 2023.
             Was an Initiate of Gozag.
             Killed from afar by Frances (23 damage)
             ... with a shard of ice
             ... on level 1 of the Shoals on Apr 24, 2023.
             The game lasted 00:56:14 (7573 turns).

lunkers the Stormcaller (Meteoran Wanderer)         Turns: 7573, Time: 00:56:15

Health: -10/96     AC: 17    Str: 15    XL:     14   Next: 87%
Magic:  20/34      EV: 11    Int: 26    God:    Gozag
Gold:   3964       SH:  0    Dex: 12    Spells: 13/44 levels left

rFire   . . .        b - staff of air
rCold   . . .        H - sphere of Battle
rNeg    . . .        A - +0 steam dragon scales
rPois   .            n - +1 hat
rElec   +            l - +2 cloak of the Thief {*Fog Slay-2 SInv Stlth+}
rCorr   .            F - +1 pair of gloves {hurl}
SInv    +            g - +1 pair of boots
Will    +....        p - amulet of magic regeneration
Stlth   +            o - +4 ring of protection
HPRegen 0.36/turn    G - +6 ring of intelligence
MPRegen 0.64/turn

%: no passive effects
@: gold aura, glowing
A: sense surroundings 2, otherworldly, glowing, explore regen
a: Renounce Religion, Potion Petition, Call Merchant, Bribe Branch


You were on level 1 of the Shoals.
You worshipped Gozag.
Gozag was most pleased with you.
You visited 4 branches of the dungeon, and saw 17 of its levels.
You also visited: Bailey and Volcano.

You collected 4305 gold pieces.
You spent 321 gold pieces at shops.
You paid 20 gold pieces to Gozag.

Inventory:

Hand Weapons
 a - a +3 short sword of flaming
 t - a +0 long sword of electrocution
 B - a +1 broad axe of freezing
Missiles
 d - a throwing net
Armour
 g - a +1 pair of boots (worn)
 l - the +2 cloak of the Thief (worn) {*Fog Slay-2 SInv Stlth+}
   (You bought it in a shop on level 2 of the Orcish Mines)

   *Fog:      It may release a thick cloud of smoke when the wearer is hurt.
   Slay:      It affects your accuracy & damage with ranged weapons and melee
   (-2).
   SInv:      It lets you see invisible.
   Stlth:     It makes you more stealthy.
 n - a +1 hat (worn)
 A - +0 steam dragon scales (worn)
 D - the +5 scale mail of Uskayaw's Castigation {Dex+4}
   (You found it in a bailey)

   Dex:       It affects your dexterity (+4).
 F - a +1 pair of gloves of hurling (worn)
 H - the sphere of Battle (worn)
   (You found it on level 9 of the Dungeon)

   It enhances your destructive magic.
   It weakens your non-destructive magic.
   It summons a battlesphere in combat, with strength depending on Conjurations
   skill.
 S - a +2 ring mail of cold resistance
Magical Staves
 b - a staff of air (weapon)
Jewellery
 o - a +4 ring of protection (left hand)
 p - an amulet of magic regeneration (around neck)
 v - a ring of poison resistance
 G - a +6 ring of intelligence (right hand)
 K - a ring of flight
 N - a +4 ring of protection
 R - a ring of magical power
 T - a ring of ice
Wands
 j - a wand of roots (1)
 z - a wand of paralysis (1)
 Q - a wand of mindburst (4)
 U - a wand of flame (10)
Scrolls
 h - 2 scrolls of blinking
 w - a scroll of enchant armour
 y - 2 scrolls of fog
 C - 2 scrolls of fear
 E - a scroll of magic mapping
 I - 2 scrolls of brand weapon
 L - 2 scrolls of silence
Potions
 e - 2 potions of might
 f - a potion of cancellation
 i - 2 potions of lignification
 k - 5 potions of curing
 m - a potion of resistance
 q - 2 potions of flight
 r - a potion of mutation
 s - a potion of haste
 x - 4 potions of heal wounds
 J - a potion of degeneration {unknown}
 M - a potion of attraction {unknown}
 O - a potion of invisibility {unknown}
 P - a potion of brilliance {unknown}
Miscellaneous
 c - a piece from Xom's chessboard (15/15)


   Skills:
 - Level 1.1 Fighting
 - Level 1.2 Dodging
 + Level 15.5 Spellcasting
 - Level 9.9 Conjurations
 - Level 2.4 Hexes
 - Level 11.1 Fire Magic
 * Level 19.0 Air Magic
 - Level 2.4 Evocations


You had 13 spell levels left.
You knew the following spells:

 Your Spells              Type           Power      Damage    Failure   Level
a - Airstrike             Air            66%        2d(10-26) 0%          4
b - Freezing Cloud        Conj/Ice/Air   51%        6-21      1%          5
c - Fireball              Conj/Fire      42%        3d17      1%          5
d - Passwall              Tmut/Erth      8%         N/A       4%          2
e - Swiftness             Air            88%        N/A       0%          3
f - Arcjolt               Conj/Air       60%        1d70      1%          5
g - Plasma Beam           Fire/Air       61%        2x1d84    1%          6
p - Foxfire               Conj/Fire      100%       2x1d9     1%          1

Your spell library contained the following spells:

 Spells                   Type           Power      Damage    Failure   Level
 Shock                    Conj/Air       100%       1d9       0%          1
 Kiss of Death            Conj/Necr      100%       2d13      1%          1
 Slow                     Hex            64%        N/A       1%          1
 Cigotuvi's Dreadful Rot  Necr/Pois/Air  100%       N/A       1%          2
 Ignite Poison            Fire/Tmut/Pois 56%        N/A       1%          3
 Vhi's Electric Charge    Tloc/Air       100%       N/A       1%          3
 Volatile Blastmotes      Fire/Tloc      100%       2d18      1%          3
 Beastly Appendage        Tmut           20%        N/A       2%          1
 Ensorcelled Hibernation  Hex/Ice        26%        N/A       2%          2
 Wereblood                Tmut           10%        N/A       4%          2
 Summon Guardian Golem    Hex/Summ       13%        N/A       4%          3
 Starburst                Conj/Fire      42%        6d12      5%          6
 Spider Form              Tmut/Pois      10%        N/A       8%          3
 Passage of Golubria      Tloc           10%        N/A       26%         4
 Orb of Destruction       Conj           41%        9d11      36%         7
 Spellforged Servitor     Conj/Summ      31%        N/A       96%         7
 Malign Gateway           Summ/Tloc      5%         N/A       100%        7


Dungeon Overview and Level Annotations

Branches:
Dungeon (9/15) Zot: 565    Temple (0/1) D:4            Lair (5/5) D:9 Zot: 1553
 Shoals (1/4) Lair:3 Zot: 592   Slime (0/5) Lair:4          Orc (2/2) D:9 Zot: 504
 Bailey (visited)         Volcano (visited)
  Snake: Lair:2-3    Spider: Lair:2-3       Elf: Orc:2

Altars:
Ashenzari
Gozag
Qazlal
Ru
Uskayaw
Vehumet
Yredelemnul
Zin
Jiyva

Shops:
D:9 [   Orc:2 =[=:

Annotations:
D:5 1 runed translucent door, bande's ghost, novice GrFi
D:6 2 runed translucent doors
D:9 2 transporters, jasper's ghost, novice DsCA
Shoals:1 Frances


Innate Abilities, Weirdness & Mutations

You passively map the area around you.
You are easily found by Zot.
You glow in the dark.
You regain HP and MP as you explore.


Message History

* * * LOW HITPOINT WARNING * * *
You feel your power leaking away.
* * * LOW MAGIC WARNING * * *
Casting: Plasma Beam (dangerous; 1% risk of failure)
Confirm with . or Enter, or press ? or * to list all spells.
You don't have enough magic to cast this spell.
Unknown command.
Unknown command.
Magic courses through your body.
Frances splashes around in the water.
Frances is distracted by your dazzling golden aura.
Casting: Plasma Beam (dangerous; 1% risk of failure)
Confirm with . or Enter, or press ? or * to list all spells.
Casting: Plasma Beam (dangerous; 1% risk of failure)
Press: ? - help, Dir - look around, f - activate You feel a strong surge of power!
The bolt of lightning misses the water elemental.
The fiery plasma hits the water elemental!!!!
The water elemental is burned terribly!
You destroy the water elemental!
Frances shouts!
You hear a bleat! x2
Unknown command.
Casting: Plasma Beam (dangerous; 1% risk of failure)
Confirm with . or Enter, or press ? or * to list all spells.
Casting: Plasma Beam (dangerous; 1% risk of failure)
Press: ? - help, Dir - look around, f - activate You feel a strong surge of power!
The bolt of lightning hits Frances!
Frances is heavily wounded.
Frances is no longer distracted by gold.
The fiery plasma misses Frances.
You hear a shout!
Frances chants phrases taken from a devil's mouth.
The iron shot hits you!!
* * * LOW HITPOINT WARNING * * *
Your battlesphere fires!
The barrage of energy hits Frances!!
Frances is severely wounded.
Frances chants phrases taken from a devil's mouth.
The shard of ice hits you!!
You die...
Your body crumbles into a pile of gold.

~ ~ ~ ~ ~
≈≈≈≈≈≈≈≈≈≈≈≈≈≈≈ ~ ~
~ ~ ~
≈≈≈≈~≈≈≈≈≈~P~~≈ ~~ ~
~ ≈≈≈~~~~≈≈~~P~~~ ~
~≈≈~~~~~~~PPP~P~~ ~
~ ~ ~ ~
≈≈~~~~~~~~~P~P~ ~
≈~~~~§§§§P~...~~ ~
~~ ~~~~~§§§*§....~
~~ ~ ~~
~~~~~§§@§§.....,~~~~
~ ~~~~~§§@~§##...
~~~ ~ E~~~~§§§§§.#
,, , ~ ~ ~ ~
~~~~~~~~§§.§.,, ~
~~~~~~~~~~..... ~~
~...~~~~~~...PP ~ ~
~ ~....~~~~~...PP ~
~ ....~~~~~~~.PPP~ ~
~~ ~


You could see Frances (fast, ally target) and a friendly battlesphere.

Vanquished Creatures
  Rupert (Lair:3)
  A red draconian (Volcano)
  A merfolk impaler (Shoals:1)
  A fire dragon (Lair:5)
  2 hydras
  Fannar (Lair:3)
  A boulder beetle (Lair:5)
  2 centaur warriors
  A two-headed ogre (Orc:1)
  2 skysharks
  A swamp dragon (Lair:5)
  A deep elf pyromancer (Bailey)
  2 orc knights
  Pikel (D:7)
  A cyclops (Orc:2)
  A manticore (D:8)
  6 elephants (Lair:5)
  3 black mambas
  6 cane toads
  2 molten gargoyles (Volcano)
  4 rime drakes
  Maggie (D:8)
  A yaktaur (Volcano)
  6 komodo dragons (Lair:5)
  A tengu conjurer (D:9)
  2 merfolk (Shoals:1)
  4 polar bears
  Prince Ribbit (D:6)
  A troll (D:9)
  A hornet (D:7)
  A blink frog (Lair:5)
  5 dream sheep (Lair:5)
  A wyvern (D:8)
  38 yaks
  A water elemental (Shoals:1)
  5 fire bats
  4 steam dragons
  2 basilisks (Lair:5)
  Menkaure (D:7)
  A warg (Orc:1)
  An acid dragon (Lair:5)
  10 water moccasins
  25 orc warriors
  A swamp drake (Lair:5)
  4 ice beasts (D:9)
  3 ogres
  25 wolves
  7 centaurs
  A kobold brigand (D:7)
  10 bullfrogs
  A gnoll sergeant (D:9)
  5 scorpions
  4 wights (D:6)
  2 killer bees (D:8)
  10 howler monkeys
  7 lava snakes (Volcano)
  6 jellies
  3 orc priests
  4 hounds
  Jessica (D:3)
  3 gnoll boudas
  2 sleepcaps
  6 iguanas
  5 orc wizards
  9 hell rats
  20 gnolls
  7 river rats (Lair:3)
  2 adders
  A shadow imp (D:5)
  A white imp (D:6)
  An ufetubus (D:7)
  A worm (D:4)
  48 orcs
  4 ball pythons
  6 endoplasms
  10 goblins
  5 hobgoblins
  10 jackals
  3 quokkas
  3 frilled lizards
  5 kobolds
  4 rats
404 creatures vanquished.

Vanquished Creatures (others)
  A howler monkey (D:7)
  581 foxfires
  33 fungi
  48 plants
  8 toadstools (D:3)
671 creatures vanquished.

Grand Total: 1075 creatures vanquished

Notes
Turn   | Place    | Note
-------+----------+-------------------------------------------
     0 | D:1      | lunkers the Meteoran Wanderer began the quest for the Orb.
     0 | D:1      | lunkers set off with the following items: a +0 club, a +0
                  | robe, a piece from Xom's chessboard (15/15); and the
                  | following spells available to memorise: Slow, Foxfire,
                  | Summon Guardian Golem, Volatile Blastmotes, Ignite Poison.
     0 | D:1      | Reached XP level 1. HP: 16/16 MP: 5/5
    50 | D:1      | Learned a level 1 spell: Foxfire
   176 | D:1      | Reached XP level 2. HP: 23/23 MP: 1/6
   390 | D:2      | Reached XP level 3. HP: 17/28 MP: 8/8
   507 | D:2      | Found an opulent altar of Gozag.
   522 | D:2      | Became a worshipper of Gozag Ym Sagoz the Greedy
   753 | D:3      | Noticed Jessica
   759 | D:3      | Killed Jessica
   760 | D:3      | Reached skill level 1 in Conjurations
   760 | D:3      | Reached XP level 4. HP: 35/35 MP: 5/10
   775 | D:3      | Learned a level 1 spell: Shock
  1025 | D:4      | Reached skill level 1 in Air Magic
  1025 | D:4      | Reached XP level 5. HP: 40/40 MP: 8/11
  1032 | D:4      | Found a staircase to the Ecumenical Temple.
  1066 | D:4      | Learned a level 4 spell: Airstrike
  1139 | D:4      | Found a radiant altar of Vehumet.
  1319 | D:5      | Entered Level 5 of the Dungeon
  1394 | D:5      | Reached skill level 2 in Air Magic
  1445 | D:5      | Reached XP level 6. HP: 29/47 MP: 11/13
  1552 | D:5      | Reached skill level 3 in Air Magic
  1587 | D:5      | Reached XP level 7. HP: 16/52 MP: 11/14
  1614 | D:5      | HP: 1/52 [sleepcap (11)]
  1627 | D:5      | Reached skill level 4 in Air Magic
  1738 | D:5      | Identified the +0 plate armour of Grace {rCorr}
  1765 | D:5      | Found a broken altar of Ashenzari.
  1789 | D:5      | Reached skill level 5 in Spellcasting
  1835 | D:5      | Reached skill level 5 in Air Magic
  1920 | D:5      | Found a runed translucent door.
  1920 | D:5      | Noticed a wraith
  1920 | D:5      | Noticed bande's ghost (novice GrFi)
  1945 | D:5      | Found a basalt altar of Yredelemnul.
  2056 | D:6      | Reached XP level 8. HP: 59/59 MP: 8/17
  2243 | D:6      | Reached skill level 6 in Air Magic
  2262 | D:6      | Noticed Prince Ribbit
  2277 | D:6      | Killed Prince Ribbit
  2278 | D:6      | Reached skill level 7 in Air Magic
  2335 | D:6      | Reached skill level 8 in Air Magic
  2335 | D:6      | Gained mutation: You passively map the area around you.
                  | [Meteoran growth]
  2335 | D:6      | Reached XP level 9. HP: 33/64 MP: 8/20
  2505 | D:6      | Found a large runed translucent door.
  2506 | D:6      | Found a large runed translucent door.
  2720 | D:6      | Reached skill level 5 in Conjurations
  2875 | D:6      | Found a hide-covered altar of Uskayaw.
  3014 | D:7      | Reached skill level 5 in Fire Magic
  3030 | D:7      | Noticed a hornet
  3032 | D:7      | Killed a hornet
  3039 | D:7      | Noticed Menkaure
  3042 | D:7      | Killed Menkaure
  3060 | D:7      | Reached XP level 10. HP: 41/71 MP: 5/23
  3138 | D:7      | Learned a level 5 spell: Fireball
  3141 | D:7      | Learned a level 2 spell: Passwall
  3145 | D:7      | Learned a level 3 spell: Swiftness
  3177 | D:7      | Noticed Pikel
  3193 | D:7      | Killed Pikel
  3234 | D:7      | Found a glowing silver altar of Zin.
  3644 | D:8      | Noticed Maggie
  3658 | D:8      | Killed Maggie
  3709 | D:8      | Found a sacrificial altar of Ru.
  3898 | D:8      | Found a flagged portal.
  3908 | Bailey   | Entered a bailey
  3983 | Bailey   | Noticed an orc knight
  4002 | Bailey   | Killed an orc knight
  4003 | Bailey   | Reached XP level 11. HP: 51/77 MP: 1/25
  4058 | Bailey   | Found a large runed translucent door.
  4058 | Bailey   | Found a large runed translucent door.
  4059 | Bailey   | Noticed a deep elf pyromancer
  4150 | Bailey   | Learned a level 5 spell: Arcjolt
  4154 | Bailey   | Killed a deep elf pyromancer
  4162 | Bailey   | Got the Compilation of Relocated Left-Handed Mysteries
  4173 | Bailey   | Identified the +5 scale mail of Uskayaw's Castigation
                  | {Dex+4}
  4251 | Bailey   | Upgraded the game from 0.30-a0-1114-gd936c97349 to
                  | 0.30-a0-1116-gebefce21f7
  4272 | D:8      | Learned a level 6 spell: Plasma Beam
  4398 | D:8      | Identified the +0 leather armour of Budet {rCorr MP+9 Int-3
                  | Stlth+}
  4482 | D:8      | Noticed a manticore
  4487 | D:8      | Killed a manticore
  4501 | D:8      | Found a stormy altar of Qazlal.
  4757 | D:9      | Reached skill level 10 in Fire Magic
  4758 | D:9      | Reached skill level 9 in Air Magic
  4758 | D:9      | Found a staircase to the Orcish Mines.
  4762 | D:9      | Reached skill level 10 in Spellcasting
  4762 | D:9      | Found Yxzoelysk's Armour Boutique.
  4823 | D:9      | Noticed jasper's ghost (novice DsCA)
  4846 | Orc:1    | Entered Level 1 of the Orcish Mines
  4846 | Orc:1    | Noticed a two-headed ogre
  4850 | Orc:1    | Killed a two-headed ogre
  4851 | Orc:1    | Reached skill level 10 in Air Magic
  4902 | Orc:2    | Entered Level 2 of the Orcish Mines
  5039 | Orc:2    | Noticed a cyclops
  5047 | Orc:2    | Killed a cyclops
  5103 | Orc:2    | Noticed a centaur warrior
  5109 | Orc:2    | Killed a centaur warrior
  5110 | Orc:2    | Reached XP level 12. HP: 50/83 MP: 22/27
  5110 | Orc:2    | Noticed an orc knight
  5111 | Orc:2    | Reached skill level 11 in Air Magic
  5138 | Orc:2    | Killed an orc knight
  5195 | Orc:2    | HP: 2/83 [orc/bolt (7)]
  5379 | Orc:2    | Reached skill level 12 in Air Magic
  5432 | Orc:2    | Found Xadewiwn's Armour Shoppe.
  5432 | Orc:2    | Found Saurih's Jewellery Boutique.
  5434 | Orc:2    | Found Plog's Book Shop.
  5436 | Orc:2    | Found Wuwue's Jewellery Emporium.
  5449 | Orc:2    | Bought the +2 cloak of the Thief {*Fog Slay-2 SInv Stlth+}
                  | for 321 gold pieces
  5449 | Orc:2    | Found the +2 cloak of the Thief {*Fog Slay-2 SInv Stlth+}
  5574 | D:9      | Found a transporter.
  5578 | D:9      | Found a transporter.
  5601 | D:9      | Found the sphere of Battle
  5617 | D:9      | Upgraded the game from 0.30-a0-1116-gebefce21f7 to
                  | 0.30-a0-1157-g2cc9ac7196
  5755 | D:9      | Found a staircase to the Lair.
  5801 | D:9      | Reached skill level 13 in Air Magic
  5850 | Lair:1   | Entered Level 1 of the Lair of Beasts
  5903 | Lair:1   | Found a dark tunnel.
  5917 | Lair:1   | Learned a level 5 spell: Freezing Cloud
  5918 | Volcano  | Entered a volcano
  6046 | Volcano  | Found a bloodstained altar of Trog.
  6046 | Volcano  | Noticed a centaur warrior
  6050 | Volcano  | Killed a centaur warrior
  6051 | Volcano  | Reached XP level 13. HP: 17/89 MP: 21/30
  6052 | Volcano  | Reached skill level 14 in Air Magic
  6057 | Volcano  | Noticed a red draconian
  6065 | Volcano  | Killed a red draconian
  6391 | Lair:2   | Reached skill level 15 in Air Magic
  6607 | Lair:4   | Found a viscous altar of Jiyva.
  6611 | Lair:4   | Noticed a four-headed hydra
  6613 | Lair:4   | Killed a four-headed hydra
  6615 | Lair:4   | Found a staircase to the Slime Pits.
  6621 | Lair:4   | Reached skill level 16 in Air Magic
  6656 | Lair:5   | Entered Level 5 of the Lair of Beasts
  6745 | Lair:5   | Reached skill level 17 in Air Magic
  6745 | Lair:5   | Reached XP level 14. HP: 59/96 MP: 22/33
  6979 | Lair:5   | Noticed a fire dragon
  6989 | Lair:5   | Killed a fire dragon
  7096 | Lair:5   | Reached skill level 18 in Air Magic
  7199 | Lair:5   | Reached skill level 15 in Spellcasting
  7262 | Lair:3   | Noticed Rupert
  7264 | Lair:3   | Killed Rupert
  7392 | Lair:3   | Noticed Fannar
  7394 | Lair:3   | Killed Fannar
  7538 | Lair:3   | Found a staircase to the Shoals.
  7566 | Shoals:1 | Entered Level 1 of the Shoals
  7566 | Shoals:1 | Noticed Frances
  7566 | Shoals:1 | Noticed a merfolk impaler
  7569 | Shoals:1 | Killed a merfolk impaler
  7570 | Shoals:1 | Reached skill level 19 in Air Magic
  7573 | Shoals:1 | Killed from afar by Frances

Illustrated notes

Levels and vault maps discovered:
D:1:      dpeg_arrival_shrine, layout_loops_corners,
          nicolae_ecumenical_lake_church
D:2:      layout_basic, basic_altar, uniq_sigmund, uniq_crazy_yiuf_cottage
D:3:      layout_loops_ring, tgw_fedhas, minmay_rat_hole, uniq_jessica
D:4:      layout_loops_ring, vehumet_crystals, minmay_temple_entry_glass
D:5:      layout_basic, lemuel_coloured_pillars_altar,
          mainiacjoe_overflow_24_doors, ebering_ghost_inner_flame
D:6:      layout_loops_corners, nicolae_uskayaw_suspiria, jmf_multi_god_temple2,
          uniq_prince_ribbit1
D:7:      layout_loops_cross, mainiacjoe_overflow_surrounded_room, uniq_pikel,
          uniq_menkaure
D:8:      layout_layer_cave, nicolae_ru_great_annihilating_truth,
          grunt_qazlal_clouds, enter_bailey_5,
          minmay_fractal_squares_diagonal_5, uniq_maggie
D:9:      layout_basic, nicolae_hepliaklqana_monster_ancestors,
          hellmonk_lair_entry_icy, orc_david_3, serial_shops, kennysheep_mini,
          gammafunk_ghost_hive, hellmonk_guarded_unrand_sphere_of_battle
Lair:1:   layout_loops_ring, nicolae_volcano_entry_batcave
Lair:2:   layout_regular_city, nicolae_snake_entry_squirm, grunt_megastairs_3,
          lemuel_fruit_tree
Lair:3:   layout_loops_ring, elwin_shoals_entry_rocks, kennysheep_rathole,
          uniq_fannar, uniq_rupert
Lair:4:   layout_gridlike, nicolae_slime_entry_field_trip, basic_altar,
          uniq_nessos
Lair:5:   guppyfry_lair_end_dragon, layout_regular_city,
          hangedman_lair_in_review
Shoals:1: layout_shoals, uniq_frances
Orc:1:    layout_caves, basic_altar
Orc:2:    st_orc_rangers, layout_diamond_mine, mines2_david

Skill      XL: |  1  2  3  4  5  6  7  8  9 10 11 12 13 14 |
---------------+-------------------------------------------+-----
Fire Magic     | 3 6 9 11 | 11.1
Spellcasting   | 3 4 5 6 8 9 10 12 14 15 | 15.5
Conjurations   | 1 2 3 4 7 9 |  9.9
Air Magic      | 1 2 3 5 8 10 13 17 19 | 19.0
Fighting       | |  1.1
Dodging        | |  1.2
Hexes          | |  2.4
Evocations     | |  2.4

Action                     |  1- 3 |  4- 6 |  7- 9 | 10-12 | 13-15 || total
---------------------------+-------+-------+-------+-------+-------++-------
  Melee: Club              |    45 |       |       |       |       ||    45
         Staff             |       |    15 |     1 |    72 |    55 ||   143
         Punch             |       |       |       |     3 |       ||     3
   Cast: Foxfire           |    37 |    56 |   128 |   111 |       ||   332
         Shock             |       |     8 |       |     1 |       ||     9
         Airstrike         |       |       |    32 |   100 |    47 ||   179
         Arcjolt           |       |       |       |    19 |    13 ||    32
         Plasma Beam       |       |       |       |    25 |    67 ||    92
  Evoke: Wand              |       |       |       |     7 |     1 ||     8
    Use: Scroll            |     4 |     7 |     5 |     7 |     4 ||    27
         Potion            |       |       |     1 |     1 |     1 ||     3
   Stab: Distracted        |       |       |       |       |     1 ||     1
 Armour: Robe              |    32 |    14 |    54 |    12 |       ||   112
         Steam dragon scal |       |       |       |   118 |    88 ||   206
  Dodge: Dodged            |    43 |    19 |    46 |   120 |    60 ||   288

Table legend: (Time is in decaauts)
 A = Elapsed time spent in this place.
 B = Non-inter-level travel time spent in this place.
 C = Inter-level travel time spent in this place.
 D = Time resting spent in this place.
 E = Time spent auto-exploring this place.
 F = Levels seen in this place.
 G = Mean time per level.
                   A        B        C        D        E       F      G
               +--------+--------+--------+--------+--------+-----+--------+
         Total |   7635 |   7349 |    286 |      0 |   3362 |  19 |  401.8 |
       Dungeon |   4834 |   4669 |    165 |      0 |   3004 |   9 |  537.1 |
          Lair |   1446 |   1393 |     53 |      0 |    203 |   5 |  289.2 |
        Shoals |      6 |      6 |      0 |      0 |      0 |   1 |    6.0 |
  Orcish Mines |    696 |    629 |     67 |      0 |     50 |   2 |  348.0 |
        Bailey |    346 |    346 |      0 |      0 |    105 |   1 |  346.0 |
       Volcano |    305 |    305 |      0 |      0 |      0 |   1 |  305.0 |
               +--------+--------+--------+--------+--------+-----+--------+

Top non-repeatable levels by time:
     D:6: 999 daAuts
     D:8: 765 daAuts
     D:5: 684 daAuts
   Orc:2: 627 daAuts
     D:7: 607 daAuts
  Lair:5: 582 daAuts
     D:9: 442 daAuts
  Lair:3: 400 daAuts
     D:3: 382 daAuts
     D:1: 364 daAuts
  Bailey: 346 daAuts
     D:4: 322 daAuts
 Volcano: 305 daAuts
     D:2: 264 daAuts
  Lair:1: 260 daAuts
